Map: Alcyone LE

Players

IIIIIIIIIIII - Winner!

  • Race: Terran Terran
  • League: Diamond
  • Spawn Location: 7:00

IlIlIlIlIlIl

  • Race: Terran Terran
  • League: Diamond
  • Spawn Location: 1:00

VOD

Have the link to the VOD?

Description

Time

  • Played on: July 12, 2024, 1:42 p.m.
  • Length: 15:33
Show
View Real Time Build Order
Export as new Build Order

IIIIIIIIIIII Terran - Winner!

Build Orders: Cyclone Opening 

Get SALT Encoding   

  12  0:00  SCV  
  13  0:12  SCV  
  14  0:17  Supply Depot  
  14  0:24  SCV  
  15  0:38  SCV  
  15  0:39  Barracks  
  16  0:46  Refinery  
  16  0:50  SCV  
  16  0:52  Refinery  
  17  1:02  SCV  
  18  1:14  SCV  
  19  1:27  Orbital Command, Reaper  
  20  1:32  Supply Depot  
  20  1:43  Factory  
  20  1:53  SCV  
  21  1:59  Reaper  
  22  2:07  SCV  
  23  2:23  SCV  
  23  2:28  Command Center, Cyclone  
  26  2:32  Barracks Reactor  
  26  2:38  SCV  
  26  2:41  Supply Depot  
  27  2:50  SCV  
  28  3:00  Cyclone  
  28  3:02  SCV  
  31  3:11  Marine x2, Starport  
  33  3:25  SCV  
  33  3:32  Marine x2  
  33  3:34  Factory Tech Lab  
  35  3:37  SCV  
  35  3:39  Refinery  
  35  3:41  Orbital Command  
  36  3:49  SCV  
  36  3:51  Starport Tech Lab  
  36  3:53  Siege Tank  
  40  4:01  SCV  
  41  4:07  SCV  
  41  4:09  Raven  
  43  4:10  Interference Matrix  
  43  4:12  Supply Depot  
  43  4:14  SCV  
  44  4:17  Marine  
  44  4:18  Marine  
  44  4:20  SCV  
  47  4:26  SCV  
  47  4:27  Siege Tank  
  51  4:33  SCV  
  51  4:38  SCV  
  53  4:48  Raven, Command Center  
  53  4:49  SCV  
  53  4:50  SCV  
  57  5:01  SCV  
  57  5:02  SCV  
  59  5:07  Siege Tank  
  59  5:12  Barracks  
  59  5:14  SCV, Barracks  
  62  5:19  Supply Depot  
  62  5:20  Supply Depot  
  62  5:33  Engineering Bay x2  
  62  5:37  Refinery, Supply Depot  
  62  5:40  SCV x2, Siege Tank  
  67  5:46  Viking x2  
  71  5:53  SCV x2  
  71  5:54  Marine  
  74  6:02  Missile Turret  
  74  6:03  Orbital Command, Missile Turret  
  74  6:08  SCV x2  
  74  6:11  Barracks Reactor x2  
  76  6:14  Stimpack  
  76  6:21  Terran Infantry Weapons Level 1  
  76  6:23  Terran Infantry Armor Level 1  
  76  6:27  SCV x2  
  78  6:33  Orbital Command  
  77  6:42  Marine  
  77  6:43  SCV x2  
  80  6:48  Siege Tank  
  83  6:55  Marine x4  
  83  6:57  Viking x2  
  83  6:59  SCV x2  
  83  7:00  SCV, Marine, Supply Depot  
  83  7:01  Supply Depot  
  95  7:11  Sensor Tower  
  95  7:14  SCV  
  95  7:15  SCV x2  
  98  7:16  Barracks  
  98  7:18  Armory, Barracks  
  98  7:19  Refinery  
  98  7:20  Marine x3  
  98  7:21  Refinery  
  98  7:22  Marine x2  
  103  7:25  Siege Tank  
  103  7:29  Supply Depot  
  106  7:31  Supply Depot  
  106  7:35  Viking  
  106  7:36  Viking  
  110  7:42  SCV x3  
  113  7:51  Factory  
  113  7:54  SCV x3  
  113  7:57  Combat Shield  
  116  8:04  Barracks Reactor x2, Command Center  
  116  8:06  Medivac x2  
  116  8:12  Marine x5  
  125  8:15  Siege Tank  
  125  8:16  SCV  
  125  8:17  SCV  
  130  8:22  Terran Infantry Weapons Level 2  
  130  8:31  Terran Infantry Armor Level 2  
  130  8:34  Marine x3  
  131  8:35  Factory Tech Lab  
  131  8:36  Supply Depot  
  131  8:39  Marine x2, Supply Depot  
  131  8:40  Supply Depot x2  
  135  8:51  Siege Tank  
  135  8:52  Marine x3  
  141  8:56  Terran Vehicle Weapons Level 1  
  141  8:57  Supply Depot  
  141  8:58  Marine x4  
  145  9:04  Siege Tank  
  148  9:13  Marine x5  
  153  9:23  Siege Tank  
  156  9:27  Marine x4  
  156  9:31  Marine x3  
  160  9:36  Siege Tank  
  166  9:41  SCV x3  
  166  9:44  Marine x4  
  166  9:45  Marine x2  
  175  9:49  Marine  
  176  9:53  Marine x2  
  178  10:02  Marine x4  
  180  10:08  Marine  
  180  10:09  Marine  
  180  10:10  Marine x2  
  184  10:18  Siege Tank x2  
  184  10:19  Marine  
  184  10:20  Marine  
  185  10:32  Marine x2  
  185  10:33  Planetary Fortress  
  187  10:36  Command Center, Sensor Tower  
  187  10:38  Refinery  
  187  10:40  Refinery  
  187  10:42  Command Center  
  187  10:50  Siege Tank x2  
  187  10:51  Marine x2  
  187  10:52  Marine  
  187  10:53  Terran Infantry Weapons Level 3, Terran Infantry Armor Level 3  
  196  10:57  Marine x4, Supply Depot  
  196  10:59  Supply Depot  
  194  11:17  Marine x4  
  190  11:32  Medivac x2  
  194  11:41  Command Center  
  194  11:43  Command Center  
  194  11:46  Command Center  
  192  12:10  Marine x6, Siege Tank x2  
  192  12:11  Marine  
  192  12:13  Medivac x2  
  179  12:19  Barracks  
  162  12:42  Siege Tank x2  
  159  12:55  Marine x5  
  159  12:56  Orbital Command x2, Marine x3  
  159  12:57  Orbital Command  
  167  13:03  Medivac x2  
  171  13:15  Marine x6  
  171  13:16  Marine x3  
  171  13:18  Siege Tank  
  171  13:19  Siege Tank  
  185  13:32  Planetary Fortress  
  185  13:33  Marine x4  
  188  13:43  Neosteel Armor  
  188  13:44  Hi-Sec Auto Tracking  
  188  13:52  Planetary Fortress  
  188  13:58  Marine  
  188  13:59  Marine x7  
  188  14:00  Siege Tank  
  188  14:01  Barracks Reactor  
  199  14:14  Unknown  
  199  14:15  Marine  
  199  14:16  Marine  
  199  14:17  Marine x4  
  194  14:33  Barracks  
  194  14:34  Barracks, Viking x2  
  196  14:40  Starport x3  
Show
View Real Time Build Order
Export as new Build Order

IlIlIlIlIlIl Terran 

Build Orders:  

Get SALT Encoding   

  12  0:00  SCV  
  13  0:12  SCV  
  14  0:17  Supply Depot  
  14  0:24  SCV  
  15  0:39  SCV  
  15  0:40  Barracks  
  16  0:43  Refinery  
  16  0:51  SCV  
  16  0:53  Refinery  
  17  1:04  SCV  
  18  1:17  SCV  
  19  1:28  Reaper  
  19  1:29  Orbital Command  
  19  1:31  Supply Depot  
  20  1:47  Factory  
  20  1:55  SCV  
  20  2:00  Reaper  
  22  2:07  SCV  
  23  2:20  SCV  
  23  2:22  Command Center  
  24  2:31  Hellion  
  24  2:35  Barracks Reactor  
  26  2:38  SCV  
  26  2:44  Starport  
  27  2:56  SCV  
  28  2:59  Factory Tech Lab  
  28  3:02  Supply Depot  
  27  3:16  SCV  
  28  3:25  Siege Tank  
  28  3:27  Supply Depot  
  28  3:28  SCV  
  28  3:30  Marine x2  
  31  3:35  Orbital Command  
  31  3:37  Medivac  
  33  3:42  Refinery  
  33  3:43  SCV  
  33  3:48  Marine x2  
  32  4:05  SCV  
  32  4:06  Marine  
  32  4:08  Marine  
  32  4:09  Siege Tank  
  37  4:17  SCV  
  37  4:18  Starport Tech Lab  
  37  4:19  SCV  
  39  4:25  Marine  
  39  4:26  Marine  
  39  4:29  SCV  
  42  4:31  SCV  
  43  4:41  SCV, Cyclone  
  43  4:43  SCV  
  47  4:48  Raven, Interference Matrix  
  49  4:54  SCV  
  49  4:56  SCV, Command Center  
  49  4:57  Marine  
  52  5:06  SCV  
  53  5:08  SCV  
  53  5:09  Supply Depot  
  54  5:20  Siege Tank  
  57  5:22  SCV  
  57  5:24  Raven  
  57  5:28  SCV, Barracks  
  60  5:30  Barracks  
  61  5:41  Marine  
  61  5:42  Marine  
  63  5:44  SCV x2  
  63  5:46  Refinery  
  65  5:50  Engineering Bay  
  65  5:54  Engineering Bay  
  65  5:56  SCV  
  66  6:05  SCV  
  66  6:08  SCV, Supply Depot  
  68  6:23  Orbital Command  
  68  6:24  Stimpack, Marine  
  68  6:25  Barracks Reactor  
  69  6:26  Siege Tank  
  69  6:28  Viking x2  
  69  6:30  Barracks Reactor  
  76  6:39  Supply Depot  
  76  6:42  SCV x2, Marine  
  76  6:43  Terran Infantry Weapons Level 1  
  76  6:44  Terran Infantry Armor Level 1  
  79  6:48  Orbital Command  
  79  6:54  SCV  
  79  7:00  Marine  
  80  7:02  Barracks x2, Viking x2  
  80  7:04  SCV  
  80  7:06  SCV, Marine x2  
  88  7:08  Marine  
  88  7:09  Marine  
  88  7:13  Supply Depot  
  90  7:16  SCV  
  90  7:17  Supply Depot  
  90  7:20  SCV  
  90  7:21  SCV  
  93  7:28  SCV  
  94  7:31  Marine x5  
  94  7:33  SCV x2  
  101  7:40  SCV  
  101  7:44  Supply Depot  
  101  7:45  SCV x2  
  101  7:46  Supply Depot  
  101  7:47  Armory  
  101  7:49  Marine  
  104  7:51  Marine x3  
  104  7:52  Barracks Reactor x2, SCV  
  104  7:53  Siege Tank  
  104  7:57  SCV, Viking x2  
  116  7:58  Marine  
  116  8:03  Combat Shield  
  117  8:05  SCV x2  
  117  8:09  SCV  
  120  8:14  Supply Depot  
  120  8:15  Supply Depot  
  120  8:20  SCV x2  
  120  8:22  Command Center  
  120  8:24  Marine x2  
  120  8:25  Marine  
  120  8:26  SCV  
  126  8:36  Factory  
  126  8:39  Marine x6  
  126  8:40  Viking, Siege Tank  
  137  8:42  Terran Infantry Weapons Level 2, Marine  
  137  8:47  Terran Vehicle Weapons Level 1  
  138  8:49  Refinery  
  138  8:51  SCV x2  
  138  8:52  Refinery  
  138  8:53  Marine  
  138  8:54  SCV, Marine  
  143  9:00  Supply Depot  
  143  9:01  Supply Depot  
  143  9:10  SCV x3, Marine x2  
  143  9:11  Marine  
  149  9:17  Missile Turret  
  149  9:19  Marine  
  149  9:21  Viking x2  
  149  9:22  Supply Depot  
  149  9:37  Engineering Bay  
  149  9:39  Missile Turret  
  149  9:46  Marine x6  
  149  9:47  Factory Tech Lab  
  155  9:57  SCV  
  153  10:09  SCV  
  154  10:14  Sensor Tower  
  154  10:19  Missile Turret  
  153  10:27  Marine x9, Viking x2  
  160  10:28  Siege Tank x2  
  163  10:36  Missile Turret  
  163  10:37  Planetary Fortress  
  163  10:42  Barracks  
  162  10:43  Barracks  
  162  10:45  Barracks, Marine x2  
  157  10:53  Marine  
  157  10:54  Marine x6  
  164  10:57  Viking x2  
  164  10:58  Terran Infantry Armor Level 2  
  164  11:00  Terran Infantry Weapons Level 3, Siege Tank  
  164  11:02  Armory  
  164  11:03  Marine x2  
  171  11:15  Marine x5  
  171  11:16  Marine x2  
  168  11:20  Marine  
  168  11:21  Marine  
  168  11:25  Terran Ship Weapons Level 1  
  170  11:27  Viking, Supply Depot  
  170  11:29  Marine x2  
  174  11:33  SCV, Marine x7, Refinery  
  174  11:38  Marine  
  174  11:39  Marine  
  184  11:47  Marine x2  
  186  11:55  Marine x3, Supply Depot  
  186  11:57  Siege Tank x2  
  192  12:13  Marine x2  
  192  12:14  Marine x10  
  140  12:29  Siege Tank x2  
  146  12:30  Marine  
  146  12:31  Marine x3  
  146  12:32  Marine x8  
  158  12:48  Marine  
  158  12:49  Marine x8  
  158  12:51  Marine, Viking  
  154  12:52  Viking  
  154  12:53  Marine x2  
  154  12:54  Terran Vehicle Weapons Level 2  
  154  12:57  Refinery  
  157  13:06  Marine  
  157  13:07  Marine x6  
  164  13:21  Viking  
  158  13:27  Missile Turret, Marine x12  
  158  13:28  Sensor Tower  
  159  13:43  Siege Tank x2  
  159  13:45  Marine x6  
  168  13:53  Medivac x2  
  168  13:54  Marine x6  
  178  13:57  Starport  
  178  14:02  Marine  
  179  14:13  Missile Turret  
  179  14:15  Siege Tank x2  
  173  14:34  Marine  
  173  14:35  Marine x8  
  181  14:47  Siege Tank  
  181  14:48  Siege Tank  
  184  14:52  Barracks Reactor  
  184  14:53  Barracks Reactor  
  184  14:54  Starport Reactor  
  184  14:55  Command Center  
  184  14:57  Supply Depot  
  184  15:02  Barracks Reactor  
Tags
 
Matchup
TvT
Race
Terran
Spawn Locations
Cross Positions
Add a new tag
Caveats
  • Supply blocks, unpowered buildings, or Contaminate may cause inaccurate times.
  • Supply counts are checked every 10 seconds.